AoeStats
← Maverick

Arena

505280723Analyzed
1v1 RM · 25d ago on Sep 8, 2026· 43m 11s· 2 players
Game mode
Random Map
Map size
Tiny (2 player)
Population
200
Speed
Normal
Resources
Standard
Victory
Conquest
Starting age
Dark Age
Ending age
Imperial Age
RankedLock teamsTeams togetherTeam positionsShared explorationLock speedFull tech treeHidden civsTurbo modeCheats
Victory
Defeat
🇮🇳 Inca · India
1041
+14
🇨🇿 Britons · Czechia
1008
-14
JirkaCFC__CZ
10:11 Feudal Age
10:53 Double-Bit Axe
10:47 Man-at-Arms
13:54 Horse Collar
15:46 Forging
20:43 Castle Age
19:59 Fletching
21:29 Crossbowman
23:14 Gold Mining
23:33 Stone Mining
23:50 Bodkin Arrow
25:42 Gold Shaft Mining
28:33 Padded Archer Armor
30:01 Yeomen
32:20 Wheelbarrow
35:47 Imperial Age
33:42 Ballistics
35:15 Leather Archer Armor
34:56 Town Watch
35:52 Masonry
37:33 Bracer
41:02 Elite Longbowman
42:50 Iron Casting
Maverick
10:44 Feudal Age
14:52 Castle Age
13:57 Horse Collar
14:04 Double-Bit Axe
14:13 Gold Mining
14:18 Stone Mining
14:37 Loom
14:49 Champi Runner
16:49 Squires
23:14 Elite Skirmisher
25:06 Wheelbarrow
24:16 Town Watch
25:22 Andean Sling
25:42 Heavy Plow
25:54 Gold Mining
27:35 Padded Archer Armor
27:25 Fletching
29:45 Bow Saw
33:49 Imperial Age
31:39 Leather Archer Armor
31:29 Bodkin Arrow
31:58 Ballistics
31:29 Pikeman
33:21 Forging
33:13 Scale Mail Armor
34:37 Bracer
35:27 Gold Shaft Mining
36:08 Ring Archer Armor
36:26 Conscription
37:45 Hoardings
39:32 Chemistry
41:39 Iron Casting
41:19 Chain Mail Armor
41:42 Elite Kamayuk
42:55 Crop Rotation
Connection lost

Rejoining the realm…

Still unreachable

The connection could not be restored.

Session expired

The server has moved on; the page needs a fresh start.